 Dungeon Crawl Stone Soup version 0.26-a0-639-g72c4674329 (webtiles) character file.

Game seed: 1211790931877697197

220 Kaptain the Magician (level 5, 0/34 HPs)
             Began as an Octopode Hedge Wizard on Sept 17, 2020.
             Killed by divine providence
             ... invoked by an orc priest
              (10 damage)
             ... on level 4 of the Dungeon.
             The game lasted 00:10:06 (4061 turns).

Kaptain the Magician (Octopode Hedge Wizard)        Turns: 4061, Time: 00:10:06

Health: 0/34       AC:  1    Str: 15    XL:     5   Next: 97%
Magic:  10/11      EV: 13    Int: 18    God:
Gold:   190        SH:  0    Dex: 11    Spells: 4/12 levels left

rFire    . . .     SeeInvis .   q - +5 spear
rCold    . . .     Faith    .   (no shield)
rNeg     . . .     Spirit   .   b - +0 hat
rPois    .         Reflect  .   (no amulet)
rElec    .         Harm     .   g - +6 ring of strength
rCorr    .         Rampage  .   (no ring)
MR       .....                  (no ring)
Stlth    +++.......             (no ring)
HPRegen  0.11/turn              (no ring)
MPRegen  0.12/turn              (no ring)
                                (no ring)
                                (no ring)

@: no status effects
A: almost no armour, stealthy swim, amphibious, 8 rings, constrict 8, camouflage
1, gelatinous body 1
a: no special abilities


You were on level 4 of the Dungeon.
You visited 1 branch of the dungeon, and saw 4 of its levels.

You collected 190 gold pieces.

Inventory:

Hand Weapons
 a - a +0 dagger
 p - a +1 whip of venom
 q - a +5 spear (weapon)
 x - a +0 short sword of holy wrath
Missiles
 c - 148 stones (quivered)
Armour
 b - a +0 hat (worn)
Jewellery
 g - a +6 ring of strength (left tentacle)
 u - an uncursed amulet of faith
 w - a cursed -4 ring of protection {unknown}
Scrolls
 e - 2 scrolls of teleportation
 f - 8 scrolls of identify
 h - 2 scrolls of remove curse {unknown}
 i - 2 scrolls of immolation {unknown}
 j - 2 scrolls of magic mapping {unknown}
 n - 2 scrolls of fear {unknown}
 s - a scroll of noise {unknown}
 v - 3 scrolls of enchant armour {unknown}
Potions
 d - 4 potions of curing
 k - a potion of haste {unknown}
 l - a potion of lignification {unknown}
 m - a potion of mutation {unknown}
 o - a potion of berserk rage {unknown}
 r - a potion of flight {unknown}
 t - 2 potions of heal wounds {unknown}
 z - a potion of cancellation {unknown}


   Skills:
 + Level 1.8 Fighting
 + Level 2.7 Dodging
 + Level 4.0 Stealth
 * Level 4.2 Spellcasting
 * Level 2.9 Conjurations
 - Level 1.0 Summonings
 - Level 1.0 Translocations


You had 4 spell levels left.
You knew the following spells:

 Your Spells              Type           Power        Failure   Level
a - Magic Dart            Conj           ##..         4%          1
b - Blink                 Tloc           N/A          14%         2
c - Call Imp              Summ           #.......     14%         2
d - Mephitic Cloud        Conj/Pois/Air  #.......     28%         3

Your spell library contained the following spells:

 Spells                   Type           Power        Failure   Level
 Slow                     Hex            #.......     22%         2
 Conjure Flame            Conj/Fire      #.......     24%         3


Dungeon Overview and Level Annotations

Branches:
Dungeon (4/15)
 Temple: D:4-7

Altars:
Cheibriados


Innate Abilities, Weirdness & Mutations

You cannot wear most types of armour.
You are very stealthy in the water. (Stealth+)
You are amphibious.
You can wear up to eight rings at the same time.
You can use your tentacles to constrict eight enemies at once.
Your skin changes colour to match your surroundings (Stealth+).
Your rubbery body absorbs attacks. (AC +1, EV +1)


Message History

Confirm with . or Enter, or press ? or * to list all spells.
Aiming: Magic Dart (safe; 4% risk of failure)
Press: ? - help, Shift-Dir - straight line, f/p - orc priest
Aim: an orc priest, wielding a +0 whip and wearing a +0 chain mail The magic dart hits the worker ant.
The worker ant is moderately wounded.
The worker ant misses you.
A giant cockroach comes into view.
The worker ant misses you.
The worker ant waves its antennae.
Found 10 gold pieces.
The worker ant misses you.
A gnoll comes into view.
The worker ant bites you.
The orc priest invokes the aid of Beogh against you.
Beogh smites you!
* * * LOW HITPOINT WARNING * * *
The orc priest calls down the wrath of Beogh upon you.
Beogh smites you!
You die...

#..............^.##
##.................#
...................#
...................#
..................>#
.............>.....#
...................#
...........o......##
...##.....#....a@##
...####..##...####
#..# ##o##.o.#
#..#####.##.....
..o.o.....o......
#..###...##..####g.
......[#.#..$# #
#......#.#.#.#
#...##.#.#


You could see a worker ant and an orc priest.

Vanquished Creatures
  2 orc wizards (D:3)
  3 gnolls (D:2)
  2 adders
  An ooze (D:1)
  An adder skeleton (D:4)
  2 dart slugs (D:2)
  3 worms (D:2)
  A leopard gecko (D:1)
  14 orcs (D:3)
  A giant cockroach (D:2)
  8 goblins
  6 hobgoblins
  11 jackals
  11 bats
  6 frilled lizards
  7 kobolds
  8 rats
87 creatures vanquished.

Notes
Turn   | Place    | Note
-------+----------+-------------------------------------------
     0 | D:1      | Kaptain the Octopode Hedge Wizard began the quest for the
                  | Orb.
     0 | D:1      | Reached XP level 1. HP: 11/11 MP: 4/4
   106 | D:1      | Reached XP level 2. HP: 12/17 MP: 4/6
   862 | D:1      | Learned a level 2 spell: Blink
   865 | D:1      | Learned a level 2 spell: Call Imp
   882 | D:1      | Reached XP level 3. HP: 22/22 MP: 7/7
  1327 | D:2      | Learned a level 3 spell: Mephitic Cloud
  1482 | D:2      | Reached skill level 1 in Fighting
  1482 | D:2      | Reached XP level 4. HP: 19/28 MP: 2/9
  1823 | D:2      | Found a snail-covered altar of Cheibriados.
  2712 | D:2      | Reached XP level 5. HP: 32/33 MP: 10/10
  4061 | D:4      | Killed from afar by an orc priest

Illustrated notes

Levels and vault maps discovered:
D:1:      sevenhm_arrival_forest_fort_small_1, layout_loops_corners,
          nrook_mini_backslash, minmay_domino_4
D:2:      layout_loops_ring, kennysheep_slug_shrine, st_stairs_10,
          minmay_misc_feat_columns
D:3:      layout_basic
D:4:      layout_rooms, kennysheep_mini_moat, roderic_batcave, uniq_edmund,
          uniq_eustachio

Skill      XL: |  1  2  3  4  5 |
---------------+----------------+-----
Stealth        | 3 4 |  4.0
Conjurations   | 2 |  2.9
Fighting       | 1 |  1.8
Spellcasting   | 4 |  4.2
Dodging        | |  2.7
Summonings     | |  1.0
Translocations | |  1.0

Action                   |  1- 3 |  4- 6 || total
-------------------------+-------+-------++-------
Melee: Dagger            |    65 |    18 ||    83
       Constrict         |    12 |    15 ||    27
       Tentacles         |     8 |     7 ||    15
       Whip              |       |     9 ||     9
       Spear             |       |    42 ||    42
 Cast: Magic Dart        |    28 |    83 ||   111
       Blink             |       |     1 ||     1
  Use: Scroll            |     3 |       ||     3
       Potion            |     1 |       ||     1
 Stab: Sleeping          |    15 |     4 ||    19
Armor: Skin              |     4 |     7 ||    11
Dodge: Dodged            |    33 |    39 ||    72

Table legend: (Time is in decaauts)
 A = Elapsed time spent in this place.
 B = Non-inter-level travel time spent in this place.
 C = Inter-level travel time spent in this place.
 D = Time resting spent in this place.
 E = Time spent auto-exploring this place.
 F = Levels seen in this place.
 G = Mean time per level.
                   A        B        C        D        E       F      G
               +--------+--------+--------+--------+--------+-----+--------+
         Total |   4064 |   4002 |     62 |   1465 |   1897 |   4 | 1016.0 |
       Dungeon |   4064 |   4002 |     62 |   1465 |   1897 |   4 | 1016.0 |
               +--------+--------+--------+--------+--------+-----+--------+

Top non-repeatable levels by time:
     D:1: 1511 daAuts
     D:2: 1422 daAuts
     D:3: 1044 daAuts
     D:4: 87 daAuts
